 Dungeon Crawl Stone Soup version 0.30-a0-800-g7c544603b3 (webtiles) character file.

Game seed: 15514009922791393655

73833 browni3141 the Scorcher (level 15, -3/100 HPs)
             Began as an Octopode Cinder Acolyte on Feb 21, 2023.
             Was a High Priest of Vehumet.
             Slain by a manticore (7 damage)
             ... on level 14 of the Dungeon.
             The game lasted 02:11:23 (36883 turns).

browni3141 the Scorcher (Octopode Cinder Acolyte)  Turns: 36883, Time: 02:11:23

Health: -3/100     AC:  2    Str: 17    XL:     15   Next: 44%
Magic:  23/38      EV: 15    Int: 22    God:    Vehumet [*****.]
Gold:   964        SH:  6    Dex: 15    Spells: 0/34 levels left

rFire   . . .      SeeInvis +    X - +3 mace of Indomitability {freeze, rPois Will+}
rCold   + . .      Faith    .    o - +1 buckler
rNeg    + + .      Spirit   .    W - +1 hat {Will+}
rPois   +          Reflect  .    Y - amulet of Pride {Acrobat rN+ Regen+ rCorr}
rElec   .          Harm     .    b - ring of willpower
rCorr   +          Rampage  .    g - ring of positive energy
Will    ++++.                    s - ring of Hyiffysu {Fly rC+ Str+3}
Stlth   +++++                    O - +6 ring of dexterity
HPRegen 1.16/turn                P - ring of see invisible
MPRegen 0.26/turn                S - ring of magical power
                                 T - ring of resist corrosion
                                 (no ring)

@: spiked, flying, very slightly contaminated
A: almost no armour, amphibious, 8 rings, camouflage 1, gelatinous body 1,
(nimble swimmer 1), tentacles
a: Renounce Religion


You were on level 14 of the Dungeon.
You worshipped Vehumet.
Vehumet was extremely pleased with you.
You visited 4 branches of the dungeon, and saw 22 of its levels.
You also visited: Bailey and Gauntlet.

You collected 2536 gold pieces.
You spent 1572 gold pieces at shops.

Inventory:

Hand Weapons
 k - a +4 scimitar of flaming
 X - the +3 mace of Indomitability (weapon) {freeze, rPois Will+}
   (You found it on level 8 of the Dungeon)

   rPois:     It protects you from poison.
   Will:      It increases your willpower.
Missiles
 m - 27 poisoned darts
 B - 4 throwing nets
 E - 2 curare-tipped darts
Armour
 o - a +1 buckler (worn)
 W - a +1 hat of willpower (worn)
 Z - a +0 chain mail
Magical Staves
 a - a staff of cold
 l - a staff of fire
Jewellery
 b - a ring of willpower (left tentacle)
 g - a ring of positive energy (right tentacle)
 s - the ring of Hyiffysu (on tentacle) {Fly rC+ Str+3}
   (You found it on level 3 of the Dungeon)

   [ring of flight]

   Str:       It affects your strength (+3).
   rC:        It protects you from cold.
   Fly:       It grants you flight.
 H - an amulet of guardian spirit
 O - a +6 ring of dexterity (on tentacle)
 P - a ring of see invisible (on tentacle)
 Q - a ring of ice
 S - a ring of magical power (on tentacle)
 T - a ring of resist corrosion (on tentacle)
 Y - the amulet of Pride (around mantle) {Acrobat rN+ Regen+ rCorr}
   (You found it on level 3 of the Lair of Beasts)

   [amulet of the acrobat]

   It increases your evasion while moving and waiting.
   rN:        It protects you from negative energy.
   Regen:     It increases your rate of health regeneration.
   rCorr:     It protects you from acid and corrosion.
Wands
 J - a wand of charming (6)
 L - a wand of flame (11)
 N - a wand of polymorph (16)
Scrolls
 h - 2 scrolls of fear
 p - 3 scrolls of magic mapping
 u - 4 scrolls of fog
 v - 4 scrolls of amnesia
 x - 10 scrolls of teleportation
 y - 2 scrolls of vulnerability
 C - 12 scrolls of enchant weapon
 I - 2 scrolls of brand weapon
 K - 4 scrolls of poison
 M - a scroll of enchant armour
 R - 2 scrolls of blinking {unknown}
 U - 2 scrolls of noise {unknown}
 V - 2 scrolls of immolation {unknown}
Potions
 c - 4 potions of curing
 d - 3 potions of resistance
 e - 9 potions of mutation
 f - 11 potions of ambrosia
 i - 3 potions of might {unknown}
 j - 6 potions of flight
 n - 7 potions of brilliance
 q - a potion of cancellation
 r - 4 potions of attraction {unknown}
 w - a potion of haste
 z - 5 potions of degeneration {unknown}
 A - 6 potions of lignification
 D - 3 potions of berserk rage {unknown}
 F - 4 potions of invisibility {unknown}
 G - 2 potions of magic {unknown}


   Skills:
 * Level 8.9 Fighting
 - Level 3.1 Long Blades
 - Level 2.0 Throwing
 * Level 6.3 Dodging
 - Level 10.0 Stealth
 - Level 6.0 Shields
 - Level 10.0 Spellcasting
 - Level 8.0 Conjurations
 - Level 3.0 Hexes
 - Level 16.0 Fire Magic
 - Level 6.0 Ice Magic
 - Level 6.0 Air Magic
 - Level 0.5 Earth Magic
 - Level 7.0 Poison Magic
 - Level 4.0 Evocations


You couldn't memorise any spells.
You knew the following spells:

 Your Spells              Type           Power      Damage    Failure   Level
a - Scorch                Fire           100%       2d10      0%          2
b - Inner Flame           Hex/Fire       51%        N/A       1%          3
c - Sticky Flame          Conj/Fire      59%        2d7       1%          4
d - Flame Wave            Conj/Fire      59%        2d14      1%          4
e - Ignite Poison         Fire/Tmut/Pois 44%        N/A       1%          3
f - Mephitic Cloud        Conj/Pois/Air  41%        N/A       1%          3
g - Fireball              Conj/Fire      29%        3d13      1%          5
h - Freezing Cloud        Conj/Ice/Air   20%        6-21      4%          5
i - Irradiate             Conj/Tmut      14%        3d16      11%         5

Your spell library contained the following spells:

 Spells                   Type           Power      Damage    Failure   Level
 Spellforged Servitor     Conj/Summ      14%        N/A       95%         7
 Sandblast                Erth           26%        2d8       1%          1
 Cigotuvi's Dreadful Rot  Necr/Pois/Air  60%        N/A       1%          2
 Poisonous Vapours        Pois/Air       78%        N/A       1%          2
 Static Discharge         Conj/Air       82%        2-6/arc   1%          2
 Frozen Ramparts          Ice            74%        1d12      1%          3
 Kindle Blastsparks       Fire/Tloc/Air  86%        2d17      1%          3
 Ozocubu's Armour         Ice            37%        N/A       1%          3
 Olgreb's Toxic Radiance  Pois           41%        N/A       1%          4
 Slow                     Hex            96%        N/A       2%          1
 Fulminant Prism          Conj/Hex       17%        3d10      2%          4
 Iskenderun's Battlesphe  Conj           46%        2d10      2%          5
 Arcjolt                  Conj/Air       20%        1d30      3%          5
 Lightning Bolt           Conj/Air       20%        1d35      3%          5
 Iskenderun's Mystic Bla  Conj/Tloc      28%        2d7       4%          4
 Spider Form              Tmut/Pois      26%        N/A       5%          3
 Confusing Touch          Hex            24%        N/A       7%          3
 Vhi's Electric Charge    Tloc/Air       48%        N/A       7%          3
 Beastly Appendage        Tmut           22%        N/A       8%          1
 Sublimation of Blood     Necr           11%        N/A       12%         2
 Wereblood                Tmut           11%        N/A       12%         2
 Conjure Ball Lightning   Conj/Air       20%        3x3d6     17%         6
 Vampiric Draining        Necr           11%        2d6       22%         3
 Ice Form                 Ice/Tmut       24%        N/A       22%         4
 Summon Ice Beast         Ice/Summ       24%        N/A       22%         4
 Metabolic Englaciation   Hex/Ice        15%        N/A       32%         5
 Silence                  Hex/Air        15%        N/A       32%         5
 Lee's Rapid Deconstruct  Erth           6%         3d6*      38%         5
 Orb of Destruction       Conj           23%        9d8       50%         7
 Eringya's Noxious Bog    Tmut/Pois      13%        N/A       54%         6
 Petrify                  Tmut/Erth      12%        N/A       56%         4
 Passage of Golubria      Tloc           11%        N/A       58%         4
 Ozocubu's Refrigeration  Ice            18%        4d11      77%         7
 Simulacrum               Ice/Necr       12%        N/A       98%         6
 Statue Form              Tmut/Erth      8%         N/A       100%        6
 Summon Hydra             Summ           5%         N/A       100%        7
 Lehudib's Crystal Spear  Conj/Erth      14%        10d5      100%        8
 Polar Vortex             Ice            18%        N/A       100%        9


Dungeon Overview and Level Annotations

Branches:
Dungeon (14/15)            Temple (1/1) D:5            Lair (5/5) D:9
  Swamp (0/4) Lair:3        Snake (0/4) Lair:3        Slime (0/5) Lair:5
    Orc (2/2) D:10            Elf (0/3) Orc:2        Vaults (0/5) D:14
 Bailey (visited)         Gauntlet (visited)

Altars:
Ashenzari
Cheibriados
Dithmenos
Elyvilon
Fedhas
Gozag
Hepliaklqana
Kikubaaqudgha
Makhleb
Nemelex Xobeh
Okawaru
Qazlal
Ru
Sif Muna
Trog
Uskayaw
Vehumet
Wu Jian
Xom
Yredelemnul
Zin
The Shining One
Jiyva

Shops:
D:4 :   D:7 *   Orc:1 *   Orc:2 **!([

Annotations:
D:9 3 runed translucent doors, exclusion: 3 doors, kingofthe's ghost, novice DECj
Lair:5 1 runed translucent door


Innate Abilities, Weirdness & Mutations

You cannot wear most types of armour.
You are amphibious.
You can wear up to eight rings at the same time.
Your skin changes colour to match your surroundings (Stealth+).
Your rubbery body absorbs attacks. (AC +1, EV +1)
((You are camouflaged when in or above water. (Stealth+)))
You have tentacles for arms and can constrict up to eight enemies at once.


Message History

The ball explodes into a vile cloud!
The stinking cloud engulfs the meliai but does no damage.
The stinking cloud engulfs the manticore but does no damage.
You hear a horrible gurgling sound!
You hear an angry buzzing noise. x2
The meliai is engulfed in noxious fumes. x2
The meliai appears confused.
The meliai hits you with a +0 war axe!! The meliai stings you!
Casting: Mephitic Cloud (safe; 1% risk of failure)
Confirm with . or Enter, or press ? or * to list all spells.
You erupt in a fountain of uncontrolled magic!
The meliai is blasted with magical radiation!!
The meliai is almost dead.
The meliai twists and deforms.
You are very lightly contaminated with residual magic.
The meliai is engulfed in noxious fumes.
The meliai appears confused.
The manticore is engulfed in noxious fumes.
The vault guard is engulfed in noxious fumes.
Casting: Irradiate (dangerous; 11% risk of failure)
Confirm with . or Enter, or press ? or * to list all spells.
You ignite the poison in your surroundings!
The manticore is engulfed in blazing flames.
The manticore misses you. The manticore claws you! x2
The vault guard is engulfed in blazing flames.
Casting: Ignite Poison (safe; 1% risk of failure)
Confirm with . or Enter, or press ? or * to list all spells.
You erupt in a fountain of uncontrolled magic!
The manticore is blasted with magical radiation!
The manticore is heavily wounded.
The meliai is blasted with magical radiation!!
You kill the meliai!
Vehumet accepts your kill.
The vault guard is engulfed in blazing flames.
The manticore is engulfed in blazing flames.
The manticore bites you!!
* * * LOW HITPOINT WARNING * * *
The manticore claws you.
* * * LOW HITPOINT WARNING * * *
The manticore claws you!
You die...

#....... ..####.......
...#..........
#...#.......... #
##.#.#....###### ...
##..#.#....#..... #..B#
##...#.##...'.....
....pc#.......#...#.....
..∩uppH@......#...#.....
...K.e#)......#...##+###
#...# ##......#.........
... ##.....#......... #
##.####.........
##.#............
##..#............
##................
..........#####.....


You could see a boulder beetle, 3 vault guards, a cyan ugly thing, a centaur
warrior, a manticore, a deep elf pyromancer and a kobold demonologist.

Vanquished Creatures
  Gastronok (D:10)
  2 orc warlords
  A dire elephant (Lair:5)
  A minotaur (Gauntlet)
  The ghost of Gamaf the Peltast, a journeyman MiFi of Trog (Lair:3)
  A hydra (Lair:2)
  Harold (D:10)
  Fannar (Lair:2)
  3 centaur warriors (D:13)
  2 catoblepae (Lair:5)
  Erica (Lair:2)
  2 boulder beetles
  A two-headed ogre (D:12)
  7 death yaks
  A deep troll shaman (Lair:5)
  2 tengu warriors (D:13)
  5 orc high priests (Orc:2)
  2 skysharks (Lair:3)
  Lodul (D:12)
  A swamp dragon (Lair:3)
  A necromancer (Gauntlet)
  2 lindwurms
  3 deep elf pyromancers
  3 orc sorcerers (Orc:2)
  6 cyclopes
  2 oklob plants (Lair:4)
  A moth of wrath (Lair:3)
  A manticore (D:13)
  6 black mambas
  4 elephants (Lair:5)
  Joseph (D:10)
  2 torpor snails
  A rime drake (Lair:2)
  15 cane toads
  An unseen horror (D:12)
  7 komodo dragons
  A queen bee (D:13)
  4 meliai
  7 trolls
  4 polar bears
  A hornet (D:9)
  19 blink frogs
  7 dream sheep (Lair:5)
  10 slime creatures (D:13)
  A ynoxinul (D:9)
  19 fire elementals
  A shadow (D:10)
  24 yaks
  A wraith (D:11)
  3 wyverns
  5 basilisks
  3 steam dragons
  4 vampire mosquitoes (D:13)
  7 nagas (Lair:3)
  4 wargs
  13 water moccasins
  3 acid dragons
  40 orc warriors
  6 ice beasts
  14 ogres
  18 wolves
  7 centaurs
  3 phantoms
  2 kobold brigands
  11 bullfrogs
  2 necrophages
  3 scorpions
  A gnoll sergeant (D:9)
  A scorpion (shapeshifter) (D:13)
  3 wights (D:10)
  30 killer bees
  5 howler monkeys
  A crimson imp (D:8)
  A quasit (D:9)
  3 hounds
  7 jellies
  17 orc priests
  6 iguanas
  19 orc wizards
  2 hell rats (Lair:5)
  9 adders
  12 gnolls
  11 river rats (Lair:5)
  A shadow imp (D:4)
  A white imp (D:8)
  An ufetubus (D:7)
  3 worms
  4 dart slugs
  117 orcs
  4 ball pythons
  27 endoplasms
  4 giant cockroaches
  7 goblins
  4 hobgoblins
  6 jackals
  A quokka (D:5)
  4 bats
  4 frilled lizards
  17 kobolds
  7 rats
  A spectral goblin (D:1)
  15 bushes (Lair:4)
696 creatures vanquished.

Vanquished Creatures (collateral kills)
  An orc warrior (Bailey)
  An orc (Bailey)
2 creatures vanquished.

Vanquished Creatures (others)
  A wizard (D:10)
  3 large abominations (Gauntlet)
  A human (D:5)
  2 small abominations (Gauntlet)
  20 demonic plants
  35 foxfires
  57 fungi
  88 plants
  19 toadstools (Lair:4)
226 creatures vanquished.

Grand Total: 924 creatures vanquished

Notes
Turn   | Place    | Note
-------+----------+-------------------------------------------
     0 | D:1      | browni3141 the Octopode Cinder Acolyte began the quest for
                  | the Orb.
     0 | D:1      | Reached XP level 1. HP: 16/16 MP: 2/2
   191 | D:1      | Reached skill level 1 in Stealth
   191 | D:1      | Reached XP level 2. HP: 21/21 MP: 3/3
   426 | D:1      | Found a faded altar of an unknown god.
  1211 | D:2      | Reached XP level 3. HP: 21/26 MP: 4/4
  1214 | D:2      | Learned a level 2 spell: Scorch
  1787 | D:3      | Found an ornate altar of the Wu Jian Council.
  2116 | D:3      | Reached skill level 1 in Shields
  2391 | D:3      | Noticed a scorpion
  2447 | D:3      | Identified the ring of Hyiffysu {Fly rC+ Str+3}
  2543 | D:3      | Reached XP level 4. HP: 31/31 MP: 0/5
  2602 | D:3      | Found a radiant altar of Vehumet.
  3170 | D:3      | Reached skill level 1 in Dodging
  3259 | D:3      | Killed a scorpion
  3260 | D:3      | Reached skill level 1 in Evocations
  3260 | D:3      | Reached XP level 5. HP: 29/36 MP: 6/8
  3371 | D:4      | Reached XP level 6. HP: 35/42 MP: 0/9
  3501 | D:4      | Found Ceucrio's Book Emporium.
  3589 | D:4      | Noticed an ice beast
  3781 | D:4      | Killed an ice beast
  3895 | D:4      | Noticed an ice beast
  3909 | D:4      | Killed an ice beast
  3910 | D:4      | Reached skill level 4 in Fire Magic
  3910 | D:4      | Reached XP level 7. HP: 46/46 MP: 3/10
  4285 | D:4      | Reached skill level 5 in Fire Magic
  4724 | D:4      | Found an ornate altar of the Wu Jian Council.
  4727 | D:4      | Found a white marble altar of Elyvilon.
  4727 | D:4      | Found a blossoming altar of Fedhas.
  4729 | D:4      | Found a shimmering altar of Xom.
  4729 | D:4      | Found a snail-covered altar of Cheibriados.
  4729 | D:4      | Found a shimmering blue altar of Sif Muna.
  4828 | D:4      | Found Ceucrio's Book Emporium.
  4929 | D:4      | Found a white marble altar of Elyvilon.
  4929 | D:4      | Found a blossoming altar of Fedhas.
  4931 | D:4      | Found a shimmering altar of Xom.
  4931 | D:4      | Found a snail-covered altar of Cheibriados.
  4931 | D:4      | Found a shimmering blue altar of Sif Muna.
  5057 | D:4      | Reached skill level 6 in Fire Magic
  5485 | D:4      | Found Ceucrio's Book Emporium.
  5637 | D:4      | Found a white marble altar of Elyvilon.
  5637 | D:4      | Found a blossoming altar of Fedhas.
  5639 | D:4      | Found a shimmering altar of Xom.
  5639 | D:4      | Found a snail-covered altar of Cheibriados.
  5639 | D:4      | Found a shimmering blue altar of Sif Muna.
  6072 | D:5      | Entered Level 5 of the Dungeon
  6196 | D:5      | Learned a level 3 spell: Inner Flame
  6277 | D:5      | Reached XP level 8. HP: 37/52 MP: 0/11
  6363 | D:5      | Found an ancient bone altar of Kikubaaqudgha.
  6685 | D:5      | Reached skill level 1 in Hexes
  6878 | D:5      | Reached skill level 1 in Conjurations
  7040 | D:5      | Found a sparkling altar of Nemelex Xobeh.
  7094 | D:5      | Found a hazy altar of Hepliaklqana.
  7118 | D:5      | Found a stormy altar of Qazlal.
  7342 | D:5      | Found a staircase to the Ecumenical Temple.
  7348 | D:5      | Reached skill level 7 in Fire Magic
  7552 | Temple   | Entered the Ecumenical Temple
  7766 | D:6      | Found a hide-covered altar of Uskayaw.
  7867 | D:6      | Found a broken altar of Ashenzari.
  7911 | D:6      | Found an opulent altar of Gozag.
  8359 | D:6      | Reached skill level 8 in Fire Magic
  8359 | D:6      | Reached skill level 1 in Throwing
  8465 | D:6      | Reached XP level 9. HP: 54/56 MP: 8/15
  8844 | D:7      | Found an iron altar of Okawaru.
  8907 | D:7      | Found a flagged portal.
  8996 | Bailey   | Entered a bailey
  9121 | Bailey   | Learned a level 4 spell: Sticky Flame
  9126 | Bailey   | Learned a level 4 spell: Flame Wave
  9291 | Bailey   | Reached skill level 13 in Fire Magic
  9291 | Bailey   | Reached XP level 10. HP: 63/63 MP: 16/16
  9312 | Bailey   | Reached skill level 14 in Fire Magic
  9801 | D:7      | Found Nuohayhu's Assorted Antiques.
  9812 | D:7      | Bought a scroll labelled ONGEVV EQUUK for 25 gold pieces
 10065 | D:7      | Found a glowing silver altar of Zin.
 10150 | D:4      | Bought a Trismegistus Codex for 280 gold pieces
 10154 | D:4      | Learned a level 3 spell: Ignite Poison
 10309 | D:8      | Reached skill level 5 in Stealth
 10565 | D:8      | Identified the +3 mace of Indomitability {freeze, rPois
                  | Will+}
 10750 | D:8      | Reached skill level 1 in Poison Magic
 10757 | D:8      | Found a sacrificial altar of Ru.
 10885 | D:8      | Found a burning altar of Makhleb.
 11225 | D:9      | Noticed an 11-headed hydra
 11225 | D:9      | Noticed kingofthe's ghost (novice DECj)
 11225 | D:9      | Found a runed translucent gate.
 11225 | D:9      | Found a runed translucent gate.
 11225 | D:9      | Found a runed translucent gate.
 11708 | D:8      | Reached XP level 11. HP: 52/68 MP: 13/17
 12335 | D:9      | Found a staircase to the Lair.
 12589 | D:9      | Found a shadowy altar of Dithmenos.
 12771 | Lair:1   | Entered Level 1 of the Lair of Beasts
 12819 | Lair:1   | Learned a level 3 spell: Mephitic Cloud
 12970 | Lair:1   | Reached skill level 1 in Air Magic
 13114 | D:10     | Entered Level 10 of the Dungeon
 13126 | D:10     | Noticed Harold
 13163 | D:10     | Noticed Gastronok
 13548 | Lair:1   | Reached skill level 5 in Spellcasting
 14563 | Lair:1   | Reached skill level 5 in Shields
 14745 | Lair:2   | Reached skill level 5 in Dodging
 14745 | Lair:2   | Reached skill level 5 in Poison Magic
 14829 | Lair:2   | Noticed Erica
 14835 | Lair:2   | Killed Erica
 14836 | Lair:2   | Reached XP level 12. HP: 75/75 MP: 14/19
 15007 | Lair:2   | Reached skill level 5 in Fighting
 15794 | Lair:2   | Noticed Fannar
 15807 | Lair:2   | Killed Fannar
 16077 | Lair:2   | Noticed an eight-headed hydra
 16483 | Lair:2   | Killed an eight-headed hydra
 16579 | Lair:3   | Found a transporter.
 16594 | Lair:3   | Noticed a skyshark
 16968 | Lair:3   | Noticed a skyshark
 17069 | Lair:3   | Noticed a boulder beetle
 17079 | Lair:3   | Killed a boulder beetle
 17090 | Lair:3   | Noticed Gamaf's ghost (journeyman MiFi)
 17298 | Lair:3   | Killed a skyshark
 17481 | Lair:3   | Found a staircase to the Swamp.
 17542 | Lair:3   | Reached skill level 10 in Stealth
 17758 | Lair:2   | HP: 4/80 [poisoned by a water moccasin]
 18158 | Lair:3   | Found a transporter.
 18179 | Lair:3   | Killed a skyshark
 18180 | Lair:3   | Reached XP level 13. HP: 61/85 MP: 3/23
 18399 | Lair:3   | Found a staircase to the Snake Pit.
 19086 | D:10     | Found a bloodstained altar of Trog.
 19155 | D:10     | Killed Gastronok
 19303 | D:10     | Found a staircase to the Orcish Mines.
 19412 | D:10     | Killed Harold
 19423 | D:10     | Noticed Joseph
 19534 | D:10     | Killed Joseph
 19641 | Orc:1    | Entered Level 1 of the Orcish Mines
 19836 | Orc:1    | Noticed an orc warlord
 19882 | D:10     | Killed an orc warlord
 20595 | Orc:1    | Found Asuomn's Assorted Antiques.
 20603 | Orc:1    | Bought a murky silvery potion for 33 gold pieces
 20603 | Orc:1    | Bought 2 scrolls of identify for 148 gold pieces
 20605 | Orc:1    | Bought a dented jade amulet for 185 gold pieces
 20633 | Orc:1    | Reached skill level 5 in Conjurations
 20922 | Orc:1    | Found a radiant altar of Vehumet.
 21501 | Lair:3   | Found a staircase to the Swamp.
 21580 | Lair:3   | Found a staircase to the Snake Pit.
 22328 | Lair:3   | Killed Gamaf's ghost
 22330 | Lair:3   | Identified the amulet of Pride {Acrobat rN+ Regen+ rCorr}
 22768 | Lair:4   | Found a blossoming altar of Fedhas.
 23159 | Lair:5   | Entered Level 5 of the Lair of Beasts
 23528 | Lair:4   | HP: 1/88 [blink frog (18)]
 23761 | Orc:1    | Fell from the grace of Ignis
 23761 | Orc:1    | Became a worshipper of Vehumet
 24062 | Orc:2    | Entered Level 2 of the Orcish Mines
 24062 | Orc:2    | Found a staircase to the Elven Halls.
 24167 | Orc:1    | HP: 3/88 [fire elemental[the fiery vengeance of Ignis]
                  | (13)]
 24393 | Orc:2    | HP: 1/88 [orc/+0 morningstar (13)]
 24455 | Orc:2    | Found a gate leading to a gauntlet.
 24462 | Gauntlet | Entered a Gauntlet
 24462 | Gauntlet | Found a transporter.
 24462 | Gauntlet | Found a transporter.
 24462 | Gauntlet | Found a transporter.
 24465 | Gauntlet | Found a transporter.
 24466 | Gauntlet | Found a transporter.
 24478 | Gauntlet | Found a transporter.
 24480 | Gauntlet | Found a transporter.
 24490 | Gauntlet | Found a transporter.
 24492 | Gauntlet | Noticed a green death
 24584 | Gauntlet | Found a transporter.
 24598 | Gauntlet | Found a transporter.
 24600 | Gauntlet | Found a transporter.
 24608 | Gauntlet | Found a transporter.
 24685 | Gauntlet | Reached * piety under Vehumet
 24685 | Gauntlet | Offered knowledge of Sandblast by Vehumet.
 24859 | Gauntlet | Noticed a minotaur
 24937 | Gauntlet | Killed a minotaur
 24938 | Gauntlet | Reached skill level 15 in Fire Magic
 24938 | Gauntlet | Reached XP level 14. HP: 50/94 MP: 8/26
 25420 | Orc:2    | Found Kukhlol's Assorted Antiques.
 25521 | Orc:2    | Learned a level 1 spell: Sandblast
 25559 | Orc:2    | Found Jupiniall's Distillery.
 25567 | Orc:2    | Bought a potion of haste for 140 gold pieces
 25567 | Orc:2    | Bought a potion of heal wounds for 70 gold pieces
 25668 | Orc:2    | Bought a scroll labelled DAEHAO HOYMI for 39 gold pieces
 26030 | Orc:2    | Offered knowledge of Foxfire by Vehumet.
 26077 | Orc:2    | Reached ** piety under Vehumet
 26137 | Orc:2    | Learned a level 5 spell: Freezing Cloud
 26980 | Orc:2    | Reached skill level 1 in Ice Magic
 27112 | Orc:2    | Noticed an orc warlord
 27499 | Orc:1    | Killed an orc warlord
 27584 | Orc:2    | Reached skill level 5 in Air Magic
 27593 | Orc:2    | Offered knowledge of Hailstorm by Vehumet.
 27748 | Orc:2    | Found Epsisili's Antique Weapon Emporium.
 27814 | Orc:2    | Found Butyutuh's Antique Armour Shoppe.
 27935 | Orc:2    | Found Nagouc's Assorted Antiques.
 27943 | Orc:2    | Bought 2 scrolls of identify for 112 gold pieces
 28035 | Orc:2    | Found a staircase to the Elven Halls.
 28242 | Orc:2    | Found Kukhlol's Assorted Antiques.
 28250 | Orc:2    | Found Jupiniall's Distillery.
 28312 | Orc:2    | Found Nagouc's Assorted Antiques.
 28406 | Orc:2    | Found Butyutuh's Antique Armour Shoppe.
 28410 | Orc:2    | Found Epsisili's Antique Weapon Emporium.
 28580 | D:4      | Bought a book of the Spheres for 540 gold pieces
 28587 | D:4      | Learned a level 5 spell: Fireball
 28725 | D:11     | Reached *** piety under Vehumet
 30012 | D:12     | Offered knowledge of Olgreb's Toxic Radiance by Vehumet.
 30021 | D:12     | Noticed Lodul
 30400 | Lair:5   | Identified the +9 whip of the Genius {holy, rF++}
 30671 | Lair:5   | Reached **** piety under Vehumet
 30914 | Lair:5   | Was forgiven by Ignis
 31493 | Lair:4   | Offered knowledge of Irradiate by Vehumet.
 32134 | Lair:4   | Reached skill level 10 in Spellcasting
 32305 | Lair:4   | Found a blossoming altar of Fedhas.
 32940 | Lair:5   | Found a runed translucent door.
 32940 | Lair:5   | Found a viscous altar of Jiyva.
 32942 | Lair:5   | Found a staircase to the Slime Pits.
 32981 | Lair:5   | Reached skill level 16 in Fire Magic
 33325 | Lair:5   | Reached XP level 15. HP: 79/99 MP: 27/29
 33958 | Lair:5   | Learned a level 5 spell: Irradiate
 34010 | Lair:5   | Reached skill level 5 in Ice Magic
 34079 | Lair:5   | Identified the +3 spear of Xiute {holy, Str+4}
 34424 | D:12     | Killed Lodul
 34602 | D:12     | Got the Guidebook on Frost and Filth
 34660 | D:12     | Identified the +4 long sword "Dutiqew" {elec, Dex+3}
 35864 | D:13     | Reached ***** piety under Vehumet
 36225 | D:13     | Offered knowledge of Spellforged Servitor by Vehumet.
 36879 | D:14     | Found a gate to the Vaults.
 36883 | D:14     | HP: 4/100 [manticore (5)]
 36883 | D:14     | Slain by a manticore

Illustrated notes

Levels and vault maps discovered:
D:1:      eino_arrival_druids_welcome, layout_basic,
          dreamdust_ecumenical_altar_drowned_temple
D:2:      layout_rooms
D:3:      layout_loops_ring, mainiacjoe_overflow_paths, lemuel_tele_altar,
          minmay_fountain_box, minmay_bisected
D:4:      kennysheep_big_flooded_room, layout_basic, doesnt_xom_only_xom,
          serial_shops, nicolae_take_the_stairs
D:5:      layout_loops_cross, mainiacjoe_overflow_two_lobes,
          lemuel_coloured_pillars_altar, tgw_kikubaaqudgha,
          minmay_temple_entry_nine_rooms
D:6:      layout_rooms, nicolae_ashenzari_panopticon,
          mainiacjoe_overflow_small_starburst, overflow_temple_1_default
D:7:      layout_rooms, general_overflow_altar, mainiacjoe_overflow_brackets,
          serial_shops, shop, enter_bailey_4
D:8:      layout_rooms, lemuel_round_altar, makhleb_grotto_becter,
          kennysheep_big_empty_room
D:9:      layout_gridville, mainiacjoe_overflow_boulevard, lair_entry_dummy,
          serial_demonic, serial_demonic_a, serial_demonic_c, serial_demonic_e,
          serial_demonic_f, gammafunk_ghost_hydra_chop
D:10:     layout_small_grid, trog_wizard, orc_0_dummy,
          kennysheep_generic_room_8, uniq_gastronok, uniq_joseph, uniq_harold
D:11:     layout_basic
D:12:     layout_rooms, uniq_lodul
D:13:     layout_roguey [special_room_bee], serial_co_window_serial,
          co_window_paths_a, co_window_corner_a, co_window_paths_a,
          co_window_paths_a, co_window_paths_a, co_window_broadway_c,
          co_window_broadway_b, co_window_paths_c, co_window_corner_b,
          co_window_unsneaky_path_a, co_window_broadway_a, co_window_4corner_b,
          glass_columns_a
D:14:     minmay_smoke_and_mirrors, layout_irregular_city,
          lightli_vaults_fourway_checkpoint, corexii_hall_statues_i
Temple:   nicolae_temple_superstar
Lair:1:   layout_concentric_octagons
Lair:2:   layout_long_grid, uniq_erica, uniq_fannar
Lair:3:   layout_big_grid, minmay_swamp_entry_reptiles,
          minmay_snake_entry_guardpost_medium,
          gammafunk_ghost_berserking_beasts, infiniplex_staircase_pool
Lair:4:   lemuel_slime, layout_cellular_growth, dreamdust_mushroom_princess,
          tgw_fedhas, lemuel_fruit_tree, infiniplex_staircase_pool_2
Lair:5:   grunt_lair_end_beastmaster, layout_cave_pods, slime_entry_2,
          kennysheep_rathole
Orc:1:    layout_diamond_mine, serial_shops, nicolae_shop_crystal, basic_altar
Orc:2:    grunt_orc_community_town_hall, layout_caves,
          grunt_orc_community_big_house_1, grunt_orc_community_big_house_1,
          grunt_orc_community_house_3, grunt_orc_community_house_2,
          grunt_orc_community_house_2, grunt_orc_community_house_2,
          serial_shops, nicolae_shop_advertising_works
          [nicolae_subvault_shop_adworks], gauntlet_entry_generic

Skill      XL: |  1  2  3  4  5  6  7  8  9 10 11 12 13 14 15 |
---------------+----------------------------------------------+-----
Stealth        | 1 3 4 5 8 10 | 10.0
Shields        | 1 2 3 5 6 |  6.0
Dodging        | 2 3 5 6 |  6.3
Spellcasting   | 2 4 5 7 8 10 | 10.0
Evocations     | 1 3 4 |  4.0
Fire Magic     | 4 6 8 13 14 15 16 | 16.0
Hexes          | 2 3 |  3.0
Conjurations   | 2 3 4 8 |  8.0
Throwing       | 1 2 |  2.0
Poison Magic   | 2 5 7 |  7.0
Fighting       | 4 6 8 |  8.9
Air Magic      | 3 4 6 |  6.0
Ice Magic      | 4 6 |  6.0
Long Blades    | |  3.1
Earth Magic    | |  0.5

Action                     |  1- 3 |  4- 6 |  7- 9 | 10-12 | 13-15 || total
---------------------------+-------+-------+-------+-------+-------++-------
  Melee: Falchion          |    40 |       |       |       |       ||    40
         Constrict         |    18 |    15 |    17 |    19 |    74 ||   143
         Tentacles         |    16 |    13 |    18 |    30 |   104 ||   181
         Punch             |     1 |     1 |       |     3 |    12 ||    17
         Staff             |    26 |    30 |       |       |       ||    56
         Dagger            |       |    21 |    85 |   103 |    22 ||   231
         Mace              |       |       |       |       |   328 ||   328
         Scimitar          |       |       |       |       |    39 ||    39
  Throw: Dart              |       |       |    10 |     9 |   175 ||   194
         Throwing net      |       |       |       |       |     3 ||     3
   Cast: Scorch            |    18 |    24 |    97 |   148 |    33 ||   320
         Inner Flame       |       |       |     2 |    39 |    16 ||    57
         Sticky Flame      |       |       |       |    21 |    22 ||    43
         Flame Wave        |       |       |       |     4 |       ||     4
         Ignite Poison     |       |       |       |    29 |   108 ||   137
         Mephitic Cloud    |       |       |       |    29 |   133 ||   162
         Fireball          |       |       |       |       |   115 ||   115
         Freezing Cloud    |       |       |       |       |    54 ||    54
         Sandblast         |       |       |       |       |    14 ||    14
         Irradiate         |       |       |       |       |     5 ||     5
 Invoke: Fiery Armour      |       |       |     3 |     4 |     2 ||     9
         Foxfire Swarm     |       |       |       |     2 |       ||     2
  Evoke: Wand              |       |       |       |    11 |    11 ||    22
    Use: Scroll            |     5 |     2 |     1 |     4 |    16 ||    28
         Potion            |       |       |     2 |     3 |    22 ||    27
   Stab: Sleeping          |     9 |     2 |     4 |     6 |     5 ||    26
         Distracted        |       |     1 |       |       |     1 ||     2
         Confused          |       |       |       |     1 |    11 ||    12
         Invisible         |       |       |       |     1 |       ||     1
 Armour: Skin              |     6 |     4 |    12 |     7 |    71 ||   100
  Dodge: Dodged            |    28 |    30 |    64 |   107 |   475 ||   704
  Block: Buckler           |     1 |     8 |    26 |    47 |   203 ||   285

Table legend: (Time is in decaauts)
 A = Elapsed time spent in this place.
 B = Non-inter-level travel time spent in this place.
 C = Inter-level travel time spent in this place.
 D = Time resting spent in this place.
 E = Time spent auto-exploring this place.
 F = Levels seen in this place.
 G = Mean time per level.
                   A        B        C        D        E       F      G
               +--------+--------+--------+--------+--------+-----+--------+
         Total |  36983 |  33956 |   3027 |   7473 |  19522 |  24 | 1541.0 |
       Dungeon |  18437 |  16584 |   1853 |   2338 |  11530 |  14 | 1316.9 |
        Temple |     91 |     91 |      0 |      0 |     79 |   1 |   91.0 |
          Lair |  12106 |  11149 |    957 |   3123 |   5546 |   5 | 2421.2 |
  Orcish Mines |   4783 |   4568 |    215 |   1172 |   2100 |   2 | 2391.5 |
        Bailey |    671 |    671 |      0 |    363 |     76 |   1 |  671.0 |
      Gauntlet |    893 |    893 |      0 |    475 |    191 |   1 |  893.0 |
               +--------+--------+--------+--------+--------+-----+--------+

Top non-repeatable levels by time:
   Orc:2: 2887 daAuts
     D:4: 2881 daAuts
  Lair:5: 2681 daAuts
  Lair:3: 2662 daAuts
  Lair:4: 2538 daAuts
  Lair:2: 2527 daAuts
   Orc:1: 1895 daAuts
    D:13: 1806 daAuts
  Lair:1: 1697 daAuts
    D:10: 1684 daAuts
     D:5: 1588 daAuts
     D:3: 1547 daAuts
     D:9: 1526 daAuts
     D:8: 1517 daAuts
    D:11: 1384 daAuts
